 Dungeon Crawl Stone Soup version 0.31.0-11-ge490571c62 (webtiles) character file.

Game seed: 16381464492052218451

679 MitchGlitch the Fighter (level 7, -2/55 HPs)
             Began as an Octopode Monk on Feb 4, 2024.
             Was an Initiate of Gozag.
             Slain by a gnoll
             ... wielding a +0 club
              (7 damage)
             ... on level 5 of the Dungeon.
             The game lasted 00:03:23 (2712 turns).

MitchGlitch the Fighter (Octopode Monk)             Turns: 2712, Time: 00:03:24

Health: -2/55      AC:  1    Str: 11    XL:     7   Next: 60%
Magic:  7/7        EV: 14    Int: 12    God:    Gozag
Gold:   226        SH:  0    Dex: 16    Spells: 6/6 levels left

rFire   . .          .
                       - Unarmed
rCold   . . .        b - orb {light}
rNeg    . . .        (helmet restricted)
rPois   .            i - amulet of regeneration
rElec   .            (no ring)
rCorr   .            (no ring)
SInv    .            (no ring)
Will    .....        (no ring)
Stlth   +            (no ring)
HPRegen 1.09/turn    (no ring)
MPRegen 0.10/turn    (no ring)
                     (no ring)

%: no passive effects
@: gold aura, glowing
A: almost no armour, amphibious, 8 rings, camouflage 1, gelatinous body 1,
(nimble swimmer 1), tentacles
a: Renounce Religion, Potion Petition, Call Merchant, Bribe Branch


You were on level 5 of the Dungeon.
You worshipped Gozag.
Gozag was aware of your devotion.
You visited 1 branch of the dungeon, and saw 5 of its levels.

You collected 226 gold pieces.


Innate Abilities, Weirdness & Mutations

You cannot wear most types of armour.
You are amphibious.
You can wear up to eight rings at the same time.
Your skin changes colour to match your surroundings (Stealth+).
Your rubbery body absorbs attacks. (AC +1, EV +1)
((You are camouflaged when in or above water. (Stealth+)))
You have tentacles for arms and can constrict up to eight enemies at once.


   Skills:
 - Level 8.0 Fighting
 - Level 3.0 Dodging
 + Level 4.4 Unarmed Combat


You had 6 spell levels left.
You didn't know any spells.
Your spell library contained the following spells:

 Spells                   Type           Power      Damage    Failure   Level
 Inner Flame              Hex/Fire       0%         N/A       69%         3
 Tukima's Dance           Hex            0%         N/A       69%         3
 Dimensional Bullseye     Hex/Tloc       0%         N/A       97%         4
 Flame Wave               Conj/Fire      0%         2d4       97%         4
 Iskenderun's Mystic Bla  Conj/Tloc      0%         2d3       97%         4
 Sticky Flame             Fire/Alch      0%         2d4       97%         4

Inventory:

Hand Weapons
 q - a +2 dagger of venom
Armour
 b - an orb of light (worn)
Jewellery
 i - an amulet of regeneration (around mantle)
Wands
 p - a wand of flame (1)
Scrolls
 c - a scroll of amnesia {unknown}
 d - 2 scrolls of teleportation {unknown}
 e - 4 scrolls of identify {unknown}
 h - a scroll of noise {unknown}
 j - 3 scrolls of poison {unknown}
 r - a scroll of revelation {unknown}
 s - 4 scrolls of immolation {unknown}
Potions
 a - a potion of ambrosia
 f - a potion of cancellation {unknown}
 g - 4 potions of curing {unknown}
 k - a potion of haste {unknown}
 l - a potion of attraction {unknown}
 m - a potion of magic {unknown}
 n - a potion of degeneration {unknown}
 o - a potion of berserk rage {unknown}
 t - a potion of enlightenment {unknown}
 u - a potion of brilliance {unknown}

Dungeon Overview and Level Annotations

Branches:
Dungeon (5/15)             Temple (0/1) D:5

Altars:
Ashenzari
Elyvilon
Fedhas
Gozag
Kikubaaqudgha
Makhleb
Nemelex Xobeh
Qazlal
Sif Muna
Vehumet
Wu Jian
Zin

#..........................
#.........................)
..########..................
... #.(................ ..
#..................
+..................
#.?................
#.............)....
#.@................
#$$g...............
#..................
.....######<....... ......#
#........ #......# #........
#......# #........ #......#
#........ #########


You could see a gnoll.


Message History

* * * LOW HITPOINT WARNING * * *
The gnoll hits you with a +0 club.
* * * LOW HITPOINT WARNING * * *
You barely miss the gnoll. You grab the gnoll. You constrict the gnoll.
The gnoll misses you. The gnoll hits you with a +0 club!
* * * LOW HITPOINT WARNING * * *
Unknown command.
You tentacle-slap the gnoll but do no damage.
You squeeze the gnoll.
The gnoll is heavily wounded.
You constrict the gnoll, but do no damage.
The gnoll hits you with a +0 club!
* * * LOW HITPOINT WARNING * * *
The gnoll completely misses you.
You tentacle-slap the gnoll but do no damage.
You tentacle-slap the gnoll, but do no damage.
The gnoll is heavily wounded.
You constrict the gnoll, but do no damage.
The gnoll hits you with a +0 spear.
* * * LOW HITPOINT WARNING * * *
The gnoll misses you.
You tentacle-slap the gnoll.
The gnoll is severely wounded.
You constrict the gnoll. The gnoll closely misses you. x2
You tentacle-slap the gnoll but do no damage.
You squeeze the gnoll.
You kill the gnoll!
The gnoll hits you with a +0 club!
You die...
Your body crumbles into a pile of gold.

Skill      XL: |  1  2  3  4  5  6  7 |
---------------+----------------------+-----
Fighting       | 4 5 6 7 8 |  8.0
Unarmed Combat | 4 |  4.4
Dodging        | |  3.0

Action                     |  1- 3 |  4- 6 |  7- 9 || total
---------------------------+-------+-------+-------++-------
  Melee: Unarmed           |    36 |       |    18 ||    54
         Constrict         |    13 |    12 |    10 ||    35
         Tentacles         |    12 |    17 |    16 ||    45
         Punch             |     2 |     7 |     2 ||    11
         Dagger            |     9 |    58 |    30 ||    97
   Stab: Sleeping          |       |     1 |       ||     1
 Armour: Skin              |    13 |    24 |    37 ||    74
  Dodge: Dodged            |    26 |    26 |    41 ||    93

Levels and vault maps discovered:
D:1:      amcnicky_arrival_feature_with_door, layout_rooms
D:2:      cheibrodos_helix_gallery, layout_loops_ring, basic_altar
D:3:      layout_rooms, grunt_temple_overflow_lords_of_destruction,
          shapermc_ecumenical_altar_acropolis, minmay_misc_feat_square,
          uniq_sigmund
D:4:      layout_basic, nicolae_wu_jian_wuxing_cycle,
          nicolae_overflow_hallway_of_the_gods
D:5:      layout_gridville, slow_altar_1, minmay_temple_entry_butterflies

Notes
Turn   | Place    | Note
-------+----------+-------------------------------------------
     0 | D:1      | MitchGlitch the Octopode Monk began the quest for the Orb.
     0 | D:1      | Reached XP level 1. HP: 16/16 MP: 1/1
    63 | D:1      | Reached XP level 2. HP: 20/21 MP: 2/2
   607 | D:2      | Reached skill level 4 in Fighting
   710 | D:2      | Found a broken altar of Ashenzari.
   787 | D:2      | Reached XP level 3. HP: 27/27 MP: 3/3
  1328 | D:3      | Reached skill level 5 in Fighting
  1328 | D:3      | Reached XP level 4. HP: 8/35 MP: 4/4
  1423 | D:3      | Found a faded altar of an unknown god.
  1552 | D:3      | Found a radiant altar of Vehumet.
  1553 | D:3      | Found a burning altar of Makhleb.
  1559 | D:3      | Reached XP level 5. HP: 40/40 MP: 5/5
  1581 | D:3      | Noticed Sigmund
  1589 | D:3      | Killed Sigmund
  1590 | D:3      | Reached skill level 6 in Fighting
  1590 | D:3      | Reached XP level 6. HP: 41/47 MP: 6/6
  1824 | D:4      | Reached skill level 7 in Fighting
  1844 | D:4      | Found an ornate altar of the Wu Jian Council.
  1934 | D:4      | Found an ancient bone altar of Kikubaaqudgha.
  1937 | D:4      | Found a sparkling altar of Nemelex Xobeh.
  2016 | D:4      | Reached XP level 7. HP: 44/54 MP: 7/7
  2118 | D:4      | Reached skill level 8 in Fighting
  2206 | D:4      | Found an opulent altar of Gozag.
  2209 | D:4      | Found a blossoming altar of Fedhas.
  2210 | D:4      | Found a shimmering blue altar of Sif Muna.
  2214 | D:4      | Found a white marble altar of Elyvilon.
  2215 | D:4      | Became a worshipper of Gozag Ym Sagoz the Greedy
  2222 | D:4      | Found a stormy altar of Qazlal.
  2226 | D:4      | Found a glowing silver altar of Zin.
  2563 | D:5      | Entered Level 5 of the Dungeon
  2602 | D:5      | Found a staircase to the Ecumenical Temple.
  2610 | D:5      | Reached skill level 4 in Unarmed Combat
  2709 | D:5      | HP: 5/55 [gnoll/+0 club (9)]
  2712 | D:5      | Slain by a gnoll

Vanquished Creatures
  Sigmund (D:3)
  3 phantoms
  A scorpion (D:4)
  A crimson imp (D:3)
  A jelly (D:4)
  A bombardier beetle (D:3)
  An iguana (D:4)
  7 adders
  2 gnolls (D:5)
  2 ufetubi (D:5)
  A ribbon worm (D:2)
  A dart slug (D:1)
  An orc (D:5)
  3 ball pythons
  3 endoplasms
  3 giant cockroaches
  6 goblins
  2 hobgoblins
  2 jackals (D:3)
  3 kobolds
  4 bats
  5 frilled lizards
  2 rats (D:1)
56 creatures vanquished.

Table legend: (Time is in decaauts)
 A = Elapsed time spent in this place.
 B = Non-inter-level travel time spent in this place.
 C = Inter-level travel time spent in this place.
 D = Time resting spent in this place.
 E = Time spent auto-exploring this place.
 F = Levels seen in this place.
 G = Mean time per level.
                   A        B        C        D        E       F      G
               +--------+--------+--------+--------+--------+-----+--------+
         Total |   2706 |   2613 |     93 |    100 |   2058 |   5 |  541.2 |
       Dungeon |   2706 |   2613 |     93 |    100 |   2058 |   5 |  541.2 |
               +--------+--------+--------+--------+--------+-----+--------+

Top non-repeatable levels by time:
     D:4: 766 daAuts
     D:2: 741 daAuts
     D:1: 539 daAuts
     D:3: 511 daAuts
     D:5: 147 daAuts

Table legend:
 A = Non-vault XP
 B = Vault XP
 C = Vault XP percentage of total XP
 D = Non-vault monster count
 E = Vault monster count
 F = Vault count percentage of total count
                 A         B        C        D         E       F
            +---------+---------+-------+---------+---------+-------
      Total |     696 |     288 |  29.3 |      52 |       4 |   7.1
            +---------+---------+-------+---------+---------+-------
        D:1 |      24 |       0 |   0.0 |      13 |       0 |   0.0
        D:2 |      11 |      15 |  57.7 |       6 |       2 |  25.0
        D:3 |      89 |     273 |  75.4 |      15 |       2 |  11.8
        D:4 |     397 |       0 |   0.0 |      10 |       0 |   0.0
        D:5 |     175 |       0 |   0.0 |       8 |       0 |   0.0
            +---------+---------+-------+---------+---------+-------
